TOP OF THE 1ST |
St. Lucie Mets batting - Pitching for Brevard County Manatees : RHP Matysh Ekmalyan
|
Pitching: RHP Matysh Ekmalyan
|
|
Batting: RHB Oscar Bravo
|
0-0: Bunted foul 0-1: Ball 1-1: Ball 2-1: Swinging Strike 2-2: Ball 3-2: Strikes out looking
|
Batting: RHB Chris Artz
|
0-0: Called Strike 0-1: Foul Ball, location: 2F 0-2: Strikes out swinging
|
Batting: RHB Jose Lara
|
0-0: Swinging Strike 0-1: Called Strike 0-2: Ball 1-2: Ground out 3-1 (Groundball, 34, EV 106.2 MPH)
|
Top of the 1st over - 0 runs, 0 hits, 0 errors, 0 left on base; St. Lucie 0 - Brevard County 0 |
BOTTOM OF THE 1ST |
Brevard County Manatees batting - Pitching for St. Lucie Mets : LHP Brad Harris
|
Pitching: LHP Brad Harris
|
|
Batting: LHB Pablo Cardona
|
0-0: Foul Ball, location: 2F 0-1: Called Strike 0-2: Ball 1-2: SINGLE (Groundball, 34D, EV 102.5 MPH)
|
Batting: RHB Chris Maul
|
0-0: Ball 1-0: Ball 2-0: Grounds into double play, 6-4-3 (Groundball, 6S, EV 81.9 MPH)
|
Batting: RHB Ryan Miller
|
0-0: Called Strike 0-1: SINGLE (Groundball, 34D, EV 98.1 MPH)
|
Batting: SHB Craig Wright
|
0-0: Ground out 5-3 (Groundball, 56, EV 101.9 MPH)
|
Bottom of the 1st over - 0 runs, 2 hits, 0 errors, 1 left on base; St. Lucie 0 - Brevard County 0 |
TOP OF THE 2ND |
St. Lucie Mets batting - Pitching for Brevard County Manatees : RHP Matysh Ekmalyan
|
Batting: RHB Danny Runberg
|
0-0: Swinging Strike 0-1: Foul Ball, location: 2F 0-2: Ball 1-2: Hit by Pitch
|
Batting: SHB Masatoshi Akahoshi
|
0-0: Called Strike 0-1: Swinging Strike 0-2: Ball Passed Ball! Danny Runberg to second 1-2: Ball 2-2: Strikes out swinging
|
Batting: RHB Mike Hanks
|
0-0: Called Strike 0-1: SINGLE (Line Drive, 6MD, EV 99.4 MPH) Danny Runberg to third
|
Batting: SHB Jerry Burrows
|
0-0: Ball Mike Hanks steals 2nd, throwing error, E2 Danny Runberg scores Mike Hanks to third 1-0: Swinging Strike 1-1: Swinging Strike 1-2: Ball 2-2: Strikes out swinging
|
Batting: RHB Jim Freels
|
0-0: Foul Ball, location: 2F 0-1: Ball 1-1: Foul Ball, location: 2F 1-2: Ball Wild Pitch! Mike Hanks scores 2-2: DOUBLE (Groundball, 3L, EV 96.2 MPH)
|
Batting: RHB Michael Youngberry
|
0-0: Foul Ball, location: 2F 0-1: Swinging Strike 0-2: Ball Passed Ball! Jim Freels to third 1-2: Strikes out swinging
|
Top of the 2nd over - 2 runs, 2 hits, 1 error, 1 left on base; St. Lucie 2 - Brevard County 0 |
BOTTOM OF THE 2ND |
Brevard County Manatees batting - Pitching for St. Lucie Mets : LHP Brad Harris
|
Batting: RHB Juan Villanueva
|
0-0: Called Strike 0-1: Called Strike 0-2: Foul Ball, location: 2F 0-2: Foul Ball, location: 2F 0-2: Ball 1-2: Strikes out swinging
|
Batting: LHB Jason Raker
|
0-0: Called Strike 0-1: SINGLE (Groundball, 6D, EV 93.8 MPH)
|
Batting: SHB Robert Sayer
|
0-0: Called Strike Jason Raker steals 2nd base 0-1: Foul Ball, location: 2F 0-2: Fly out, F8 (Flyball, 8RD, EV 103.1 MPH) Runner from 2nd tags up, OUT at 3rd! 8-5
|
Bottom of the 2nd over - 0 runs, 1 hit, 0 errors, 0 left on base; St. Lucie 2 - Brevard County 0 |
TOP OF THE 3RD |
St. Lucie Mets batting - Pitching for Brevard County Manatees : RHP Matysh Ekmalyan
|
Batting: RHB Oscar Bravo
|
0-0: Ball 1-0: Foul Ball, location: 2F 1-1: Foul Ball, location: 2F 1-2: Strikes out swinging
|
Batting: RHB Chris Artz
|
0-0: Ball 1-0: Called Strike 1-1: Called Strike 1-2: Ball 2-2: Ball 3-2: Strikes out swinging
|
Batting: RHB Jose Lara
|
0-0: Ball 1-0: SINGLE (Line Drive, 34D, EV 99.4 MPH)
|
Batting: RHB Danny Runberg
|
0-0: Called Strike 0-1: Called Strike 0-2: Ball 1-2: Strikes out swinging
|
Top of the 3rd over - 0 runs, 1 hit, 0 errors, 1 left on base; St. Lucie 2 - Brevard County 0 |
BOTTOM OF THE 3RD |
Brevard County Manatees batting - Pitching for St. Lucie Mets : LHP Brad Harris
|
Batting: RHB Jonathan Sarles
|
0-0: Ball 1-0: Called Strike 1-1: Ball 2-1: Ball 3-1: Base on Balls
|
Batting: LHB Karel Hort
|
0-0: Called Strike Jonathan Sarles is caught stealing 2nd base 2-6 0-1: Foul Ball, location: 2F 0-2: Foul Ball, location: 2F 0-2: Ball 1-2: Ball 2-2: Ball 3-2: DOUBLE (Line Drive, 7LD, EV 105.6 MPH)
|
Batting: LHB Pablo Cardona
|
0-0: Ball 1-0: Called Strike 1-1: Hit by Pitch
|
Batting: RHB Chris Maul
|
0-0: Called Strike 0-1: Fielders Choice at 2nd, 6-4 (Groundball, 6, EV 84.4 MPH) Karel Hort to third
|
Batting: RHB Ryan Miller
|
0-0: Swinging Strike 0-1: Ball 1-1: Fly out, F8 (Flyball, 8LM, EV 83.8 MPH)
|
Bottom of the 3rd over - 0 runs, 1 hit, 0 errors, 2 left on base; St. Lucie 2 - Brevard County 0 |
TOP OF THE 4TH |
St. Lucie Mets batting - Pitching for Brevard County Manatees : RHP Matysh Ekmalyan
|
Batting: SHB Masatoshi Akahoshi
|
0-0: Called Strike 0-1: Called Strike 0-2: Ball 1-2: Ball 2-2: Ball 3-2: Strikes out swinging
|
Batting: RHB Mike Hanks
|
0-0: Swinging Strike 0-1: Called Strike 0-2: Ball 1-2: Strikes out swinging
|
Batting: SHB Jerry Burrows
|
0-0: Called Strike 0-1: Called Strike 0-2: Ball 1-2: Strikes out swinging, 2-3 out at first.
|
Top of the 4th over - 0 runs, 0 hits, 0 errors, 0 left on base; St. Lucie 2 - Brevard County 0 |
BOTTOM OF THE 4TH |
Brevard County Manatees batting - Pitching for St. Lucie Mets : LHP Brad Harris
|
Batting: SHB Craig Wright
|
0-0: Ball 1-0: Foul Ball, location: 2F 1-1: Ball 2-1: Fly out, F9 (Flyball, 9, EV 84.4 MPH)
|
Batting: RHB Juan Villanueva
|
0-0: SINGLE (Line Drive, 8LS, EV 106.2 MPH)
|
Batting: LHB Jason Raker
|
0-0: Fly out, F8 (Flyball, 8LM, EV 91.2 MPH)
|
Batting: SHB Robert Sayer
|
0-0: Foul Ball, location: 2F 0-1: Ball 1-1: Foul Ball, location: 2F 1-2: Foul Ball, location: 2F 1-2: Foul Ball, location: 2F 1-2: Ball 2-2: Foul Ball, location: 2F 2-2: Fielders Choice at 2nd, 6-4 (Groundball, 6, EV 85.0 MPH)
|
Bottom of the 4th over - 0 runs, 1 hit, 0 errors, 1 left on base; St. Lucie 2 - Brevard County 0 |
TOP OF THE 5TH |
St. Lucie Mets batting - Pitching for Brevard County Manatees : RHP Matysh Ekmalyan
|
Batting: RHB Jim Freels
|
0-0: Foul Ball, location: 2F 0-1: Foul Ball, location: 2F 0-2: Ball 1-2: Strikes out looking
|
Batting: RHB Michael Youngberry
|
0-0: Ball 1-0: Called Strike 1-1: Swinging Strike 1-2: DOUBLE (Groundball, 5L, EV 95.6 MPH)
|
Batting: RHB Oscar Bravo
|
0-0: Ball Passed Ball! Michael Youngberry to third 1-0: Ball 2-0: Foul Ball, location: 2F 2-1: Swinging Strike 2-2: Strikes out swinging
|
Pitching: LHP John Miller
|
|
Batting: RHB Chris Artz
|
0-0: Called Strike 0-1: Called Strike 0-2: Ball Wild Pitch! Michael Youngberry scores 1-2: Foul Ball, location: 2F 1-2: Strikes out looking
|
Top of the 5th over - 1 run, 1 hit, 0 errors, 0 left on base; St. Lucie 3 - Brevard County 0 |
BOTTOM OF THE 5TH |
Brevard County Manatees batting - Pitching for St. Lucie Mets : LHP Brad Harris
|
Batting: RHB Jonathan Sarles
|
0-0: Called Strike 0-1: Swinging Strike 0-2: Foul Ball, location: 2F 0-2: Foul Ball, location: 2F 0-2: Strikes out swinging
|
Pitching: RHP Jason Horvath
|
|
Batting: LHB Karel Hort
|
0-0: Called Strike 0-1: Ball 1-1: Ball 2-1: Ball 3-1: Base on Balls
|
Batting: LHB Pablo Cardona
|
0-0: Called Strike 0-1: Ball 1-1: Swinging Strike 1-2: Strikes out swinging
|
Batting: RHB Chris Maul
|
0-0: Foul Ball, location: 2F 0-1: Ball Karel Hort steals 2nd base 1-1: Ground out 6-3 (Groundball, 6, EV 81.9 MPH)
|
Bottom of the 5th over - 0 runs, 0 hits, 0 errors, 1 left on base; St. Lucie 3 - Brevard County 0 |
TOP OF THE 6TH |
St. Lucie Mets batting - Pitching for Brevard County Manatees : LHP John Miller
|
Batting: RHB Jose Lara
|
0-0: Called Strike 0-1: Foul Ball, location: 2F 0-2: Ball 1-2: Foul Ball, location: 2F 1-2: SINGLE (Flyball, 8RM, EV 81.2 MPH)
|
Batting: RHB Danny Runberg
|
0-0: Ball Passed Ball! Jose Lara to second 1-0: Ball Passed Ball! Jose Lara to third 2-0: Ball 3-0: Base on Balls
|
Batting: SHB Masatoshi Akahoshi
|
0-0: Ball 1-0: Ball 2-0: Foul Ball, location: 2F 2-1: Fly out, F8 (Flyball, 8RD, EV 96.2 MPH) Runner from 3rd tags up, SCORES, throw by CF
|
Batting: RHB Mike Hanks
|
0-0: Ball 1-0: Called Strike 1-1: Foul Ball, location: 2F 1-2: Fielders Choice at 2nd, 4-6 (Groundball, 4, EV 78.8 MPH)
|
Batting: SHB Jerry Burrows
|
0-0: Ball 1-0: Ball 2-0: Called Strike 2-1: Called Strike 2-2: Foul Ball, location: 2F 2-2: Strikes out looking
|
Top of the 6th over - 1 run, 1 hit, 0 errors, 1 left on base; St. Lucie 4 - Brevard County 0 |
BOTTOM OF THE 6TH |
Brevard County Manatees batting - Pitching for St. Lucie Mets : RHP Jason Horvath
|
Batting: RHB Ryan Miller
|
0-0: Ground out 6-3 (Groundball, 6, EV 88.1 MPH)
|
Batting: SHB Craig Wright
|
0-0: Called Strike 0-1: Swinging Strike 0-2: Ball 1-2: Ball 2-2: Strikes out swinging
|
Batting: RHB Juan Villanueva
|
0-0: Ball 1-0: SINGLE (Groundball, 56D, EV 103.8 MPH)
|
Batting: LHB Jason Raker
|
0-0: Ball Juan Villanueva steals 2nd base 1-0: Called Strike 1-1: Ball 2-1: Ball 3-1: Fly out, F7 (Flyball, 7D, EV 87.5 MPH)
|
Bottom of the 6th over - 0 runs, 1 hit, 0 errors, 1 left on base; St. Lucie 4 - Brevard County 0 |
TOP OF THE 7TH |
St. Lucie Mets batting - Pitching for Brevard County Manatees : LHP John Miller
|
Pitching: RHP Julian Urbina
|
|
Batting: RHB Jim Freels
|
0-0: Ball 1-0: Ball 2-0: Ball 3-0: Called Strike 3-1: Foul Ball, location: 2F 3-2: Strikes out swinging
|
Batting: RHB Michael Youngberry
|
0-0: Ball 1-0: Ball 2-0: Ball 3-0: Called Strike 3-1: Called Strike 3-2: Foul Ball, location: 2F 3-2: Base on Balls
|
Batting: RHB Oscar Bravo
|
0-0: Ball 1-0: SINGLE (Groundball, 6M, EV 104.4 MPH) Michael Youngberry to second
|
Batting: RHB Chris Artz
|
0-0: Ball 1-0: Called Strike 1-1: Ball 2-1: Foul Ball, location: 2F 2-2: Strikes out swinging
|
Batting: RHB Jose Lara
|
0-0: Called Strike 0-1: SINGLE (Groundball, 6MD, EV 83.8 MPH) (infield hit) Michael Youngberry to third Oscar Bravo to second
|
Pitching: RHP Antonio Ballesteros
|
|
Batting: RHB Danny Runberg
|
0-0: Called Strike 0-1: Called Strike 0-2: Hit by Pitch Michael Youngberry scores Oscar Bravo to third Jose Lara to second
|
Batting: SHB Masatoshi Akahoshi
|
0-0: Called Strike 0-1: Fly out, F7 (Flyball, 7S, EV 85.0 MPH)
|
Top of the 7th over - 1 run, 2 hits, 0 errors, 3 left on base; St. Lucie 5 - Brevard County 0 |
BOTTOM OF THE 7TH |
Brevard County Manatees batting - Pitching for St. Lucie Mets : RHP Jason Horvath
|
Batting: SHB Robert Sayer
|
0-0: Foul Ball, location: 2F 0-1: Ball 1-1: Ball 2-1: Ball 3-1: DOUBLE (Groundball, 3L, EV 107.5 MPH)
|
Batting: RHB Jonathan Sarles
|
0-0: Swinging Strike 0-1: Fly out, F7 (Flyball, 7LD, EV 78.1 MPH) Runner from 2nd tags up, OUT at 3rd! 7-5
|
Batting: LHB Karel Hort
|
0-0: Ground out U3 (Groundball, 34S, EV 77.5 MPH)
|
Bottom of the 7th over - 0 runs, 1 hit, 0 errors, 0 left on base; St. Lucie 5 - Brevard County 0 |
TOP OF THE 8TH |
St. Lucie Mets batting - Pitching for Brevard County Manatees : RHP Antonio Ballesteros
|
Batting: RHB Mike Hanks
|
0-0: Ball 1-0: Swinging Strike 1-1: Swinging Strike 1-2: Strikes out swinging
|
Batting: SHB Jerry Burrows
|
0-0: Ball 1-0: Ball 2-0: Foul Ball, location: 2F 2-1: Foul Ball, location: 2F 2-2: Ground out 1-3 (Groundball, 13S, EV 66.9 MPH)
|
Batting: RHB Jim Freels
|
0-0: Ball 1-0: Swinging Strike 1-1: Swinging Strike 1-2: Strikes out swinging
|
Top of the 8th over - 0 runs, 0 hits, 0 errors, 0 left on base; St. Lucie 5 - Brevard County 0 |
BOTTOM OF THE 8TH |
Brevard County Manatees batting - Pitching for St. Lucie Mets : RHP Jason Horvath
|
Batting: LHB Pablo Cardona
|
0-0: Ball 1-0: DOUBLE (Flyball, 89D, EV 96.2 MPH)
|
Batting: RHB Chris Maul
|
0-0: Ball 1-0: Ball 2-0: Ground out 5-3 (Groundball, 56, EV 106.9 MPH)
|
Batting: RHB Ryan Miller
|
0-0: Called Strike 0-1: Swinging Strike 0-2: Ground out 6-3 (Groundball, 6, EV 104.4 MPH)
|
Batting: SHB Craig Wright
|
0-0: Called Strike 0-1: Ball 1-1: Fly out, F8 (Flyball, 89M, EV 87.5 MPH)
|
Bottom of the 8th over - 0 runs, 1 hit, 0 errors, 1 left on base; St. Lucie 5 - Brevard County 0 |
TOP OF THE 9TH |
St. Lucie Mets batting - Pitching for Brevard County Manatees : RHP Antonio Ballesteros
|
Batting: RHB Michael Youngberry
|
0-0: Ball 1-0: DOUBLE (Line Drive, 89D, EV 113.8 MPH)
|
Batting: RHB Oscar Bravo
|
0-0: Foul Ball, location: 2F 0-1: Ball 1-1: Foul Ball, location: 2F 1-2: Ball Passed Ball! Michael Youngberry to third 2-2: Ground out 6-3 (Groundball, 6S, EV 68.1 MPH) Michael Youngberry scores
|
Batting: RHB Chris Artz
|
0-0: Foul Ball, location: 2F 0-1: Reached on error, E5 (Groundball, 56S, EV 85.6 MPH)
|
Pitching: RHP Eddie Becerra
|
|
Batting: RHB Jose Lara
|
0-0: Ball 1-0: Called Strike 1-1: Called Strike 1-2: Grounds into double play, 4-6-3 (Groundball, 4, EV 80.0 MPH)
|
Top of the 9th over - 1 run, 1 hit, 1 error, 0 left on base; St. Lucie 6 - Brevard County 0 |
BOTTOM OF THE 9TH |
Brevard County Manatees batting - Pitching for St. Lucie Mets : RHP Jason Horvath
|
Batting: RHB Juan Villanueva
|
0-0: Ground out 5-3 (Groundball, 56S, EV 85.0 MPH)
|
Batting: LHB Jason Raker
|
0-0: Ball 1-0: Foul Ball, location: 2F 1-1: Called Strike 1-2: Ball 2-2: Foul Ball, location: 2F 2-2: Foul Ball, location: 2F 2-2: Ground out 4-3 (Groundball, 4, EV 80.0 MPH)
|
Batting: SHB Robert Sayer
|
0-0: Ball 1-0: Ball 2-0: Ball 3-0: Called Strike 3-1: Ground out 6-3 (Groundball, 6M, EV 87.5 MPH)
|
Bottom of the 9th over - 0 runs, 0 hits, 0 errors, 0 left on base; St. Lucie 6 - Brevard County 0 |
|